 Dungeon Crawl Stone Soup version 0.30.1-11-g7821555f0a (webtiles) character file.

Game seed: 2380611081369132036

9 Chiseanne the Trooper (level 2, 19/25 HPs)
             Began as a Demonspawn Wanderer on Nov 17, 2023.
             Quit the game on level 1 of the Dungeon.
             The game lasted 00:00:18 (124 turns).

Chiseanne the Trooper (Demonspawn Wanderer)          Turns: 124, Time: 00:00:19

Health: 19/25      AC:  3    Str: 14    XL:     2   Next: 6%
Magic:  2/2        EV: 11    Int: 11    God:
Gold:   0          SH:  0    Dex: 12    Spells: 1/1 levels left

rFire   . . .        a - +3 mace
rCold   . . .        (no shield)
rNeg    . . .        d - +0 leather armour
rPois   .            (no helmet)
rElec   .            (no cloak)
rCorr   .            (no gloves)
SInv    .            (no boots)
Will    .....        (no amulet)
Stlth   +            (no ring)
HPRegen 0.24/turn    (no ring)
MPRegen 0.08/turn

%: no passive effects
@: no status effects
A: demonic touch 1
a: no special abilities


You were on level 1 of the Dungeon.
You visited 1 branch of the dungeon, and saw 1 of its levels.

Inventory:

Hand Weapons
 a - a +3 mace (weapon)
 b - a +0 quarterstaff
Armour
 d - a +0 leather armour (worn)
Potions
 c - a potion of haste
 e - a potion of curing {unknown}


   Skills:
 * Level 4.1 Fighting
 - Level 1.7(2.1) Maces & Flails
 - Level 1.7(2.1) Staves
 * Level 2.1 Armour
 * Level 0.6 Dodging


You had one spell level left.
You didn't know any spells.
Your spell library was empty.

Dungeon Overview and Level Annotations

Branches:
Dungeon (1/15)

Altars:


Innate Abilities, Weirdness & Mutations

Your touch may inflict minor irresistible damage on your foes.


Message History

A ball python comes into view.
The ball python hisses angrily.
You hit the hobgoblin.
The hobgoblin is moderately wounded.
The hobgoblin hits you.
You hit the hobgoblin.
You kill the hobgoblin!
The ball python misses you. The ball python grabs you.
The ball python constricts you.
You hit the ball python.
You kill the ball python!
A quokka comes into view.
Your Armour skill increases to level 2!
You thump the quokka!
You kill the quokka!
No target in view!
No target in view!
No target in view!
No target in view!
No target in view!
You see here a quokka corpse.
A dart slug comes into view.
The dart slug launches a dart at you. The slug dart hits you.
A bat comes into view.
You see here a scroll labelled HUBBAXK HE ASTOAFF.
A dart slug and a goblin come into view.
The goblin shouts!
The dart slug bites you but does no damage.
You hit the dart slug.
The dart slug is heavily wounded.
The dart slug misses you.
You sock the dart slug!
You kill the dart slug!
The dart slug launches a dart at you. The slug dart hits you.
You have reached level 2!
Your demonic ancestry asserts itself...
Your hands begin to faintly glow with unholy energy.
Are you sure you want to abandon this character and quit the game? (Confirm with "yes".)

♣♣.......### ...#
........## #...####
........# #....#..
.......†# ####.....b#
........###........
........##..#..#.# .
............?..?.##...
...........##........#
..........#...@.###..
..............#...#
.........!...........#
##.....##......g......
#..##. #.............
... .. #....w......#.
............## .......
.....


You could see a dart slug and a goblin.

Vanquished Creatures
  A dart slug (D:1)
  2 ball pythons (D:1)
  A goblin (D:1)
  A hobgoblin (D:1)
  A quokka (D:1)
  A frilled lizard (D:1)
7 creatures vanquished.

Notes
Turn   | Place    | Note
-------+----------+-------------------------------------------
     0 | D:1      | Chiseanne the Demonspawn Wanderer began the quest for the
                  | Orb.
     0 | D:1      | Chiseanne set off with the following items: a +3 mace, a +0
                  | quarterstaff, a potion of haste, a +0 leather armour.
     0 | D:1      | Reached XP level 1. HP: 19/19 MP: 1/1
   124 | D:1      | Gained mutation: Your touch may inflict minor irresistible
                  | damage on your foes. [demonic ancestry]
   124 | D:1      | Reached XP level 2. HP: 19/25 MP: 2/2
   124 | D:1      | Quit the game

Illustrated notes

Levels and vault maps discovered:
D:1:      kilobyte_arrival_exit_the_forest, layout_rooms, minmay_hexomino_p4

Skill      XL: |  1 |
---------------+----+-----
Armour         | 2 |  2.1
Fighting       | |  4.1
Maces & Flails | |  1.7
Staves         | |  1.7
Dodging        | |  0.6

Action                     || total
---------------------------++-------
  Melee: Mace              ||    10
 Armour: Leather armour    ||     1
  Dodge: Dodged            ||     4
